 Dungeon Crawl Stone Soup version 0.24-a0-378-g94936e5 (webtiles) character file.

Game seed: 16032272285115054247

797 Ghalim the Skirmisher (level 7, -8/47 HPs)
             Began as a Gargoyle Fighter on June 1, 2019.
             Was a Follower of Okawaru.
             Killed by divine providence
             ... invoked by an orc priest
              (13 damage)
             ... on level 6 of the Dungeon.
             The game lasted 00:14:57 (4878 turns).

Ghalim the Skirmisher (Gargoyle Fighter)            Turns: 4878, Time: 00:14:57

Health: -8/47      AC: 11    Str: 22    XL:     7   Next: 89%
Magic:  0/7        EV:  7    Int:  8    God:    Okawaru [*.....]
Gold:   255        SH:  9    Dex:  9    Spells: 6/6 levels left

rFire    . . .     SeeInvis .   a - +0 flail
rCold    . . .     Gourm    .   c - +0 shield
rNeg     + . .     Faith    .   b - +0 scale mail
rPois    ∞         Spirit   +   (no helmet)
rElec    +         Reflect  .   (no cloak)
rCorr    .         Harm     .   (no gloves)
MR       .....                  (no boots)
Stlth    ..........             v - amulet of guardian spirit
HPRegen  0.15/turn              (no ring)
MPRegen  0.10/turn              (no ring)

@: about to teleport
A: negative energy resistance 1, electricity resistance, unbreathing,
petrification resistance, rot immunity, AC +4
a: Heroism, Renounce Religion


You were on level 6 of the Dungeon.
You worshipped Okawaru.
Okawaru was aware of your devotion.
You were not hungry.

You visited 2 branches of the dungeon, and saw 7 of its levels.

You collected 255 gold pieces.

Inventory:

Hand Weapons
 a - a +0 flail (weapon)
Armour
 b - a +0 scale mail (worn)
 c - a +0 shield (worn)
 m - a +3 leather armour of magic resistance
 x - a +1 pair of gloves
 y - the +0 pair of gloves of the Castellan {+Inv Regen+ Dex-4 SInv}
   (You found it on level 5 of the Dungeon)

   It affects your dexterity (-4).
   It lets you see invisible.
   It lets you turn invisible.
   It increases your rate of regeneration.
Jewellery
 o - an uncursed amulet of rage
 v - an amulet of guardian spirit (around neck)
Scrolls
 e - 2 scrolls of identify
 i - 2 scrolls of enchant armour
 l - 2 scrolls of teleportation
 n - a scroll of remove curse
 r - a scroll of blinking {unknown}
 s - a scroll of random uselessness {unknown}
 t - a scroll of immolation {unknown}
 u - a scroll of noise {unknown}
 w - a scroll of fear {unknown}
Potions
 d - a potion of might
 g - a potion of resistance {unknown}
 h - 2 potions of magic
 j - 2 potions of curing {unknown}
 k - a potion of heal wounds {unknown}
 p - a potion of cancellation {unknown}
 z - a potion of degeneration {unknown}
 A - a potion of invisibility {unknown}
Comestibles
 f - 16 rations


   Skills:
 + Level 6.6 Fighting
 + Level 6.6 Maces & Flails
 - Level 3.6 Armour
 - Level 3.7 Shields


You had 6 spell levels left.
You didn't know any spells.
Your spell library contained the following spells:

 Spells                   Type           Power        Failure   Level  Hunger
 Animate Skeleton         Necr           N/A          99%         1    ##.....
 Apportation              Tloc           #.....       99%         1    ##.....
 Confusing Touch          Hex            #.....       99%         1    ##.....
 Summon Small Mammal      Summ           #...         99%         1    ##.....


Dungeon Overview and Level Annotations

Branches:
Dungeon (6/15)             Temple (1/1) D:4

Altars:
Ashenzari
Cheibriados
Dithmenos
Elyvilon
Fedhas
Makhleb
Nemelex Xobeh
Okawaru
Qazlal
Uskayaw
Vehumet
Wu Jian
Yredelemnul
Zin
The Shining One

Annotations:
D:4 Sigmund


Innate Abilities, Weirdness & Mutations

You are resistant to torment.
Your stone body is resilient. (AC +4)
You are immune to poison.
You resist negative energy. (rN+)
You are resistant to electric shocks. (rElec)
You can survive without breathing.
You are immune to petrification.
You are immune to rotting.


Message History

You hit the orc but do no damage. The orc misses you.
The orc hits you but does no damage.
As you read the scroll of teleportation, it crumbles to dust.
You feel strangely unstable. The orc hits you but does no damage.
The orc barely misses you.
You bludgeon the orc!!
You kill the orc!
Okawaru accepts your kill. The orc hits you but does no damage.
The orc priest invokes the aid of Beogh against you.
Pain shoots through your body!
* * * LOW HITPOINT WARNING * * *
You sock the orc!
You kill the orc!
Okawaru accepts your kill.
An orc comes into view. It is wielding a +0 morningstar.
You closely miss the orc priest.
The orc priest mumbles some strange prayers to Beogh against you.
Beogh smites you!
You die...

,,,,,,,,,,,,*,,,,...#***#######**
,,,,,,,,,,,,,,,,,,...,,,.......,,
,,,,,,,,,,,,*,*,,,...,,,......#**
,,,,,,,*,,,<*,****#.#***......#
,,,,,*,*,,,,*,* #.# *......#
,,,,**,*,,*,#.#####.####......#
,,,,**,*,,#..o................#
,,,,**,**##...#####.###.......#
,,,,**,,,....ooo@)....#.......#
,,,,*****###.######.#.#.#+#####
************,,,,,,..#.#.#.# *
*,,,,,,,,*,****#.#,#.#.#
****,,,,,,,,*,,* #.#,#.#.#####**
,,,,,,,,,,,,**** *#.#,#.#......,,
,,,,,,,,,,+*******+.#,#......####
,,,,,,,,,,*,,,*,,,*.#,#......+...
,,,,,,,,,**,>,*,>,***,#......#*#.


You could see an orc priest and 2 orcs.

Vanquished Creatures
  2 centaurs
  A scorpion (D:5)
  3 crimson imps
  A bullfrog skeleton (D:4)
  A hound (D:4)
  2 jellies (D:4)
  2 orc priests
  An iguana (D:4)
  2 worker ants
  Natasha (D:2)
  A howler monkey skeleton (D:4)
  6 adders
  2 shadow imps (D:5)
  2 oozes (D:3)
  2 adder zombies (D:5)
  3 worms
  3 dart slugs
  2 leopard geckos
  18 orcs
  3 ball pythons
  10 bats
  3 giant cockroaches
  10 goblins
  5 hobgoblins (D:1)
  2 jackals (D:6)
  4 kobolds
  3 frilled lizards
  2 jackal skeletons
  A quokka skeleton (D:5)
  9 rats
107 creatures vanquished.

Notes
Turn   | Place    | Note
-------+----------+-------------------------------------------
     0 | D:1      | Ghalim the Gargoyle Fighter began the quest for the Orb.
     0 | D:1      | Reached XP level 1. HP: 14/14 MP: 1/1
   116 | D:1      | Reached XP level 2. HP: 19/19 MP: 2/2
   606 | D:1      | Reached XP level 3. HP: 22/23 MP: 3/3
  1245 | D:2      | Reached XP level 4. HP: 26/29 MP: 4/4
  1389 | D:3      | Noticed Natasha
  1429 | D:2      | Killed Natasha
  1566 | D:2      | Reached XP level 5. HP: 19/33 MP: 5/5
  2363 | D:4      | Reached XP level 6. HP: 33/40 MP: 6/6
  2548 | D:4      | Found a staircase to the Ecumenical Temple.
  2570 | Temple   | Entered the Ecumenical Temple
  2702 | Temple   | Became a worshipper of Warmaster Okawaru
  2767 | D:4      | Noticed Sigmund
  2822 | D:4      | Found a blossoming altar of Fedhas.
  2824 | D:4      | Found a stormy altar of Qazlal.
  2871 | D:4      | Reached skill level 5 in Fighting
  2871 | D:4      | Reached skill level 5 in Maces & Flails
  2895 | D:4      | Found a shadowy altar of Dithmenos.
  3297 | D:4      | Found a basalt altar of Yredelemnul.
  3771 | D:5      | Entered Level 5 of the Dungeon
  3811 | D:5      | Found a snail-covered altar of Cheibriados.
  3835 | D:5      | Reached XP level 7. HP: 38/44 MP: 7/7
  4384 | D:5      | Found a burning altar of Makhleb.
  4506 | D:5      | Got a pair of steaming gloves
  4659 | D:6      | Identified the +0 pair of gloves of the Castellan {+Inv
                  | Regen+ Dex-4 SInv} (You found it on level 5 of the Dungeon)
  4702 | D:6      | Found a shattered altar of Ashenzari.
  4837 | D:6      | Reached * piety under Okawaru
  4878 | D:6      | Killed from afar by an orc priest

Levels and vault maps discovered:
D:1:      minmay_arrival_glassed_features, layout_basic, kennysheep_minor_cross
D:2:      layout_loops_cross
D:3:      layout_rooms, first_ration, uniq_natasha
D:4:      layout_loops_cross, grunt_temple_overflow_forces_of_nature,
          nicolae_overflow_hidden_temple, nicolae_dithmenos_shadow_blocks,
          minmay_temple_entry_arrows, uniq_sigmund
D:5:      layout_loops_corners, lemuel_crystal_altar, basic_altar
D:6:      layout_basic, chequers_temple_overflow_statue_of_worship,
          evilmike_ruin_ashenzari, nicolae_ossuary_entry_false_entrances,
          due_unseen_surprise, uniq_eustachio
Temple:   grunt_temple_mini_profane

Skill      XL: |  1  2  3  4  5  6  7 |
---------------+----------------------+-----
Maces & Flails | 3 4 5 6 |  6.6
Fighting       | 4 5 6 |  6.6
Armour         | |  3.6
Shields        | |  3.7

Action                   |  1- 3 |  4- 6 |  7- 9 || total
-------------------------+-------+-------+-------++-------
Melee: Flail             |   123 |   197 |   123 ||   443
  Use: Scroll            |       |     3 |     4 ||     7
  Eat: Chunk             |     1 |     7 |     5 ||    13
Armor: Scale mail        |    80 |   110 |    54 ||   244
Dodge: Dodged            |    42 |    58 |    30 ||   130
Block: Shield            |    66 |   104 |    61 ||   231

Table legend:
 A = Non-vault XP
 B = Vault XP
 C = Vault XP percentage of total XP
 D = Non-vault monster count
 E = Vault monster count
 F = Vault count percentage of total count
                 A         B        C        D         E       F
            +---------+---------+-------+---------+---------+-------
      Total |    1104 |      35 |   3.1 |     106 |       1 |   0.9
            +---------+---------+-------+---------+---------+-------
        D:1 |      41 |       0 |   0.0 |      22 |       0 |   0.0
        D:2 |      97 |      35 |  26.5 |      20 |       1 |   4.8
        D:3 |     103 |       0 |   0.0 |      28 |       0 |   0.0
        D:4 |     318 |       0 |   0.0 |      13 |       0 |   0.0
        D:5 |     290 |       0 |   0.0 |      11 |       0 |   0.0
        D:6 |     255 |       0 |   0.0 |      12 |       0 |   0.0
            +---------+---------+-------+---------+---------+-------
